 Dungeon Crawl Stone Soup version 0.21.1-1-g345015f (webtiles) character file.

77 Supahsalami the Skirmisher (level 4, 0/37 HPs)
             Began as a Demonspawn Abyssal Knight on June 14, 2018.
             Was a Follower of Lugonu.
             Killed by nerve-wracking pain
             ... invoked by an orc priest
              (13 damage)
             ... on level 3 of the Dungeon.
             The game lasted 00:15:42 (2319 turns).

Supahsalami the Skirmisher (DsAK)                   Turns: 2319, Time: 00:15:45

Health: 0/37       AC:  5    Str: 13    XL:     4   Next: 14%
Magic:  5/5        EV: 11    Int: 14    God:    Lugonu [*.....]
Gold:   187        SH:  0    Dex: 12    Spells: 3/3 levels left

rFire    + . .     SeeInvis .   a - +1 hand axe
rCold    . . .     Gourm    .   (no shield)
rNeg     . . .     Faith    .   b - +0 leather armour
rPois    .         Spirit   .   (no helmet)
rElec    .         Reflect  .   u - +0 cloak
rCorr    .         Harm     .   (no gloves)
MR       .....                  d - +0 pair of boots
Stlth    +.........             (no amulet)
HPRegen  0.12/turn              f - ring of fire
MPRegen  0.09/turn              (no ring)

@: no status effects
A: cold resistance 1
a: Depart the Abyss, Renounce Religion


You were on level 3 of the Dungeon.
You worshipped Lugonu.
Lugonu was aware of your devotion.
You were not hungry.

You visited 1 branch of the dungeon, and saw 3 of its levels.
You visited the Abyss 1 time.

You collected 187 gold pieces.

Inventory:

Hand Weapons
 a - a +1 hand axe (weapon)
 i - a +0 hand crossbow
 m - a +0 hunting sling
Missiles
 l - 7 tomahawks of returning (quivered)
Armour
 b - a +0 leather armour (worn)
 d - a +0 pair of boots (worn)
 j - a +0 chain mail
 u - a +0 cloak (worn)
Jewellery
 f - a ring of fire (left hand)
 t - a cursed ring of resist corrosion {unknown}
Wands
 q - a wand of polymorph (11)
Scrolls
 g - a scroll of magic mapping {unknown}
 o - a scroll of blinking {unknown}
 p - a scroll of identify {unknown}
 w - a scroll of teleportation {unknown}
Potions
 e - 2 potions of might {unknown}
 h - a potion of agility {unknown}
 k - a potion of magic {unknown}
 n - a potion of lignification {unknown}
 s - a potion of flight {unknown}
 v - a potion of curing {unknown}
Comestibles
 c - 4 rations
 r - 3 chunks of flesh


   Skills:
 + Level 3.8 Fighting
 + Level 2.8 Axes
 + Level 0.3 Throwing
 + Level 2.2 Armour
 - Level 1.0 Dodging
 + Level 2.6 Invocations


You had 3 spell levels left.
You didn't know any spells.

Dungeon Overview and Level Annotations

Branches:
Dungeon (3/15)

Altars:
Nemelex Xobeh


Innate Abilities, Weirdness & Mutations

Your flesh is cold resistant. (rC+)


Message History

The orc priest looks braver for a moment.
The orc hits you with a falchion.
There is a stone staircase leading up here.
You closely miss the orc priest. You barely miss the orc.
The orc barely misses you. The orc priest closely misses you.
You closely miss the orc priest. You hit the orc but do no damage.
The orc closely misses you. The orc priest hits you.
You hit the orc priest but do no damage.
You hit the orc. You hit the orc but do no damage.
The orc hits you but does no damage. The orc hits you with a falchion.
The orc priest calls down the wrath of Beogh upon you.
Pain shoots through your body!
You hit the orc priest.
The orc priest is moderately wounded.
You hit the orc.
Your leather armour prevents you from hitting the orc.
The orc hits you with a falchion.
The orc priest mumbles some strange prayers to Beogh against you.
Pain shoots through your body!
You die...

..#........#
#.#........#
#.#.....<..#
##.#........# .#.
###..#........#
.....##o.().........#
....o.....##........#
..........##.o......#
.##..###.....o@.....#
.... ....###.o......#
... ..#.# ##########
## ###.# ..# ###


You could see an orc priest and 2 orcs.

Vanquished Creatures
  An adder (D:2)
  A worm (D:2)
  An orc (D:3)
  4 bats
  16 giant cockroaches
  4 goblins
  10 hobgoblins
  5 jackals (D:1)
  3 kobolds
  2 quokkas (D:2)
  2 frilled lizards (D:1)
  5 rats
54 creatures vanquished.

Notes
Turn   | Place    | Note
-------+----------+-------------------------------------------
     0 | Abyss:1  | Supahsalami the Demonspawn Abyssal Knight began the quest for the Orb.
     0 | Abyss:1  | Reached XP level 1. HP: 18/18 MP: 2/2
    39 | Abyss:1  | Noticed a thrashing horror
    43 | D:1      | Escaped the Abyss
    46 | D:1      | Noticed a human
    46 | D:1      | Noticed a centaur
    48 | D:1      | Noticed a dwarf
    48 | D:1      | Noticed a ghoul
    50 | D:1      | Noticed a demigod
    50 | D:1      | Noticed a demonspawn
    52 | D:1      | Noticed a troll
    52 | D:1      | Noticed a minotaur
    54 | D:1      | Noticed an octopode
    54 | D:1      | Noticed an ogre
    56 | D:1      | Noticed a vine stalker
    56 | D:1      | Noticed a draconian
    60 | D:1      | Noticed a spriggan
    60 | D:1      | Noticed an elf
    62 | D:1      | Noticed a merfolk
    62 | D:1      | Noticed a tengu
    64 | D:1      | Noticed a halfling
    72 | D:1      | Noticed a formicid
    72 | D:1      | Noticed a naga
    74 | D:1      | Noticed a vampire
    76 | D:1      | Noticed a felid
    76 | D:1      | Noticed a gargoyle
   191 | D:1      | Gained mutation: Your flesh is cold resistant. (rC+) [demonic ancestry]
   191 | D:1      | Reached XP level 2. HP: 10/24 MP: 3/3
   455 | D:1      | Reached skill level 1 in Dodging
   824 | D:1      | Reached * piety under Lugonu
  1117 | D:1      | Reached XP level 3. HP: 26/29 MP: 4/4
  1849 | D:2      | Reached XP level 4. HP: 35/37 MP: 5/5
  1879 | D:2      | Found a sparkling altar of Nemelex Xobeh.
  1927 | D:2      | Found a faded altar of an unknown god.
  2319 | D:3      | Killed from afar by an orc priest

Skill      XL: |  1  2 |
---------------+-------+-----
Dodging        | 1 |  1.0
Axes           | 2 |  2.8
Armour         | 2 |  2.2
Fighting       | |  3.8
Throwing       | |  0.3
Invocations    | |  2.6

Action                   |  1- 3 |  4- 6 || total
-------------------------+-------+-------++-------
Melee: Hand axe          |   138 |    43 ||   181
Throw: Tomahawk          |     9 |       ||     9
Invok: Depart the Abyss  |     1 |       ||     1
  Eat: Chunk             |     3 |     2 ||     5
Armor: Leather armour    |    52 |    19 ||    71
Dodge: Dodged            |    87 |    25 ||   112
